 Dungeon Crawl Stone Soup version 0.21-a0-88-g13b9641 (webtiles) character file.

84 seren the Cutter (level 4, -3/23 HPs)
             Began as a Vine Stalker Fighter on June 26, 2017.
             Slain by Crazy Yiuf
             ... wielding a +3 quarterstaff of chaos
              (14 damage)
             ... on level 2 of the Dungeon.
             The game lasted 00:03:24 (1789 turns).

seren the Cutter (Vine Stalker Fighter)             Turns: 1789, Time: 00:03:25

Health: -3/23      AC: 11    Str: 19    XL:     4   Next: 46%
Magic:  0/5        EV:  3    Int:  8    God:
Gold:   121        SH:  9    Dex: 14    Spells: 3/3 levels left

rFire    . . .     SeeInvis .   a - +0 rapier
rCold    . . .     Gourm    .   c - +0 shield
rNeg     . . .     Faith    .   r - +0 plate armour
rPois    .         Spirit   +   (no helmet)
rElec    .         Reflect  .   (no cloak)
rCorr    .         Harm     .   (no gloves)
MR       .....                  (no boots)
Stlth    ..........             (no amulet)
HPRegen  0.47/turn              h - ring of stealth
MPRegen  0.09/turn              (no ring)

@: no status effects
A: fangs 2, regeneration 1, magic shield, antimagic bite, no potion heal 3, rot
immunity
a: no special abilities


You were on level 2 of the Dungeon.
You were not hungry.

You visited 1 branch of the dungeon, and saw 2 of its levels.

You collected 121 gold pieces.

Inventory:

Hand Weapons
 a - a +0 rapier (weapon)
 m - a +0 spear
 w - a +2 dagger of electrocution
Missiles
 l - 11 poisoned needles
Armour
 b - a +0 scale mail
 c - a +0 shield (worn)
 r - a +0 plate armour (worn)
Jewellery
 h - a ring of stealth (left hand)
Scrolls
 g - a scroll of amnesia {unknown}
 i - a scroll of noise {unknown}
 j - a scroll of immolation {unknown}
 k - 3 scrolls of identify {unknown}
 q - a scroll of random uselessness {unknown}
 t - a scroll of recharging {unknown}
 v - a scroll of enchant armour {unknown}
Potions
 d - 2 potions of might
 e - 3 potions of haste {unknown}
 n - a potion of ambrosia {unknown}
 o - a potion of magic {unknown}
 p - 2 potions of resistance {unknown}
 s - a potion of agility {unknown}
 x - a potion of degeneration {unknown}
Comestibles
 f - 3 bread rations
 u - a chunk of flesh


   Skills:
 - Level 2.6 Fighting
 + Level 4.1 Short Blades
 - Level 2.4 Armour
 - Level 2.6 Shields


You had 3 spell levels left.
You didn't know any spells.

Dungeon Overview and Level Annotations

Branches:
Dungeon (2/15)

Altars:
Kikubaaqudgha
Vehumet

Annotations:
D:2 Crazy Yiuf


Innate Abilities, Weirdness & Mutations

You have extremely sharp teeth.
Your natural rate of healing is unusually fast.
When hurt, damage is shared between your health and your magic reserves.
Your bite disrupts and absorbs the magic of your enemies.
Potions cannot restore your health.
You are immune to rotting.


Message History

You completely miss Crazy Yiuf. You bite Crazy Yiuf. You drain his power.
You feel invigorated.
Crazy Yiuf is severely wounded.
Crazy Yiuf says, "Earwax mobile meccalolo!"
You block Crazy Yiuf's attack.
You closely miss Crazy Yiuf. You bite Crazy Yiuf, but do no damage.
Crazy Yiuf is severely wounded.
You block Crazy Yiuf's attack.
Your plate armour prevents you from hitting Crazy Yiuf.
You bite Crazy Yiuf. You drain his power.
Crazy Yiuf is almost dead.
You block Crazy Yiuf's attack.
You closely miss Crazy Yiuf.
Crazy Yiuf is almost dead.
Crazy Yiuf hits you but does no damage.
You closely miss Crazy Yiuf. Your bite misses Crazy Yiuf.
Crazy Yiuf is almost dead.
Crazy Yiuf hits you with a quarterstaff of chaos!!
Ouch! That really hurt!
You die...

######......##############
##<.....#....#
#..######....# #.#####
###### ......# .####.# ##
#.##### #### # #...#.##
###..)# #......####.@g..#
##......#..##...#
##.#..#.### #### ########


You could see Crazy Yiuf.

Vanquished Creatures
  3 gnolls (D:2)
  3 adders (D:2)
  A worm (D:2)
  A giant cockroach (D:1)
  5 goblins
  2 hobgoblins (D:1)
  2 jackals (D:2)
  3 kobolds
  3 bats (D:2)
  5 rats
28 creatures vanquished.

Vanquished Creatures (others)
  An adder (D:2)
  A goblin (D:2)
2 creatures vanquished.

Grand Total: 30 creatures vanquished

Notes
Turn   | Place    | Note
-------+----------+-------------------------------------------
     0 | D:1      | seren the Vine Stalker Fighter began the quest for the Orb.
     0 | D:1      | Reached XP level 1. HP: 11/11 MP: 2/2
    69 | D:1      | Reached skill level 2 in Short Blades
   230 | D:1      | Reached XP level 2. HP: 16/16 MP: 3/3
   651 | D:2      | Reached skill level 3 in Short Blades
   656 | D:2      | Reached XP level 3. HP: 9/19 MP: 1/4
  1152 | D:2      | Found a radiant altar of Vehumet.
  1278 | D:2      | Found an ancient bone altar of Kikubaaqudgha.
  1314 | D:2      | Found a runed door.
  1423 | D:2      | Gained mutation: Your natural rate of healing is unusually fast. [Vine Stalker growth]
  1423 | D:2      | Reached XP level 4. HP: 17/23 MP: 5/5
  1509 | D:2      | Reached skill level 4 in Short Blades
  1778 | D:2      | Noticed Crazy Yiuf
  1789 | D:2      | Slain by Crazy Yiuf

Vault maps used:
D:1:      dpeg_arrival_rooms_b
D:2:      marbit_many_paths, lemuel_crystal_altar, first_bread, serial_curves,
          eino_curves_04, eino_curves_02, eino_curves_03, kennysheep_path_1,
          lemuel_old_faithful, uniq_crazy_yiuf_cottage

Skill      XL: |  1  2  3  4 |
---------------+-------------+-----
Short Blades   | 2 3 4 |  4.1
Fighting       | |  2.6
Armour         | |  2.4
Shields        | |  2.6

Action                   |  1- 3 |  4- 6 || total
-------------------------+-------+-------++-------
Melee: Rapier            |    70 |    40 ||   110
       Bite              |    19 |    13 ||    32
  Use: Potion            |     1 |       ||     1
  Eat: Chunk             |     2 |     1 ||     3
Armor: Scale mail        |    15 |       ||    15
       Plate armour      |       |    27 ||    27
Dodge: Dodged            |    19 |     5 ||    24
Block: Shield            |    26 |    20 ||    46
